 Dungeon Crawl Stone Soup version 0.24.0-2-g5b39cebb1c (webtiles) character file.

Game seed: 12412796916637395959, levelgen mode: deterministic

182 Mrkan the Skirmisher (level 5, -3/47 HPs)
             Began as a Minotaur Fighter on Oct 31, 2019.
             Killed from afar by an orc wizard (5 damage)
             ... with a magic dart
             ... on level 3 of the Dungeon.
             The game lasted 00:03:25 (1824 turns).

Mrkan the Skirmisher (Minotaur Fighter)             Turns: 1824, Time: 00:03:25

Health: -3/47      AC: 12    Str: 26    XL:     5   Next: 34%
Magic:  4/4        EV:  6    Int:  5    God:
Gold:   91         SH: 10    Dex: 10    Spells: 4/4 levels left

rFire    . . .     SeeInvis .   a - +0 war axe
rCold    . . .     Gourm    .   c - +0 shield
rNeg     . . .     Faith    .   h - +0 chain mail
rPois    .         Spirit   .   (helmet restricted)
rElec    .         Reflect  .   k - +2 cloak
rCorr    .         Harm     .   (no gloves)
MR       .....                  (no boots)
Stlth    ..........             (no amulet)
HPRegen  0.15/turn              (no ring)
MPRegen  0.09/turn              (no ring)

@: mighty
A: retaliatory headbutt, horns 2
a: no special abilities


You were on level 3 of the Dungeon.
You were not hungry.

You visited 1 branch of the dungeon, and saw 3 of its levels.

You collected 91 gold pieces.

Inventory:

Hand Weapons
 a - a +0 war axe (weapon)
Armour
 c - a +0 shield (worn)
 h - a +0 chain mail (worn)
 k - a +2 cloak (worn)
Jewellery
 m - an uncursed amulet of faith {unknown}
Scrolls
 b - 6 scrolls of remove curse {unknown}
 e - a scroll of teleportation {unknown}
Potions
 d - 2 potions of might
 i - a potion of heal wounds {unknown}
 j - a potion of agility {unknown}
 l - a potion of berserk rage {unknown}
 n - 2 potions of curing {unknown}
 o - a potion of resistance {unknown}
Comestibles
 f - 3 rations
 g - 3 chunks of flesh


   Skills:
 + Level 4.6 Fighting
 * Level 4.6 Axes
 + Level 4.5 Armour
 + Level 4.5 Shields


You had 4 spell levels left.
You didn't know any spells.
Your spell library was empty.

Dungeon Overview and Level Annotations

Branches:
Dungeon (3/15)

Altars:


Innate Abilities, Weirdness & Mutations

You reflexively headbutt those who attack you in melee.
You have a pair of horns on your head.


Message History

The phantom is almost destroyed.
You slash the phantom!
You destroy the phantom!
You have reached level 5!
You feel very mighty all of a sudden. You block the orc's attack.
An adder comes into view.
Your chain mail prevents you from hitting the orc.
The adder hisses angrily.
You block the orc's attack.
An orc priest comes into view. It is wielding a +0 dagger.
You hit the orc.
The orc is lightly wounded.
The orc hits you with a +2 mace of protection.
* * * LOW HITPOINT WARNING * * *
You slash the orc!
You kill the orc!
The orc wizard points at you and mumbles some strange words.
The magic dart hits you.
You die...

##..##.....#########
#..............#....
#...................
#...[...............
#..........###..)...
#..<.......###......
###.###.....#.......
#.###.##..........
#@##..##..........
##)##.##.$<...#....
##ro........##......
#?.o........###(....
#.....S....## ...##
#..........# #...#
#.....†....... ...#
#.............. ..
##......>..####


You could see an orc wizard, an adder, an orc and a quokka.

Vanquished Creatures
  A phantom (D:3)
  3 adders (D:2)
  2 worms
  A leopard gecko (D:1)
  An orc (D:3)
  6 bats
  4 giant cockroaches
  8 goblins
  7 hobgoblins
  5 jackals
  2 quokkas (D:2)
  5 frilled lizards
  7 kobolds
  10 rats
62 creatures vanquished.

Notes
Turn   | Place    | Note
-------+----------+-------------------------------------------
     0 | D:1      | Mrkan the Minotaur Fighter began the quest for the Orb.
     0 | D:1      | Reached XP level 1. HP: 19/19 MP: 0/0
    77 | D:1      | Reached XP level 2. HP: 24/27 MP: 1/1
   436 | D:1      | Reached XP level 3. HP: 31/33 MP: 2/2
  1071 | D:2      | Reached XP level 4. HP: 40/40 MP: 3/3
  1770 | D:3      | Noticed a phantom
  1820 | D:3      | Killed a phantom
  1820 | D:3      | Reached XP level 5. HP: 5/47 MP: 4/4
  1823 | D:3      | HP: 2/47 [orc/+2 mace of protection (4)]
  1824 | D:3      | Killed from afar by an orc wizard

Levels and vault maps discovered:
D:1:      minmay_arrival_plants_in_alcoves, layout_basic
D:2:      layout_basic, first_ration
D:3:      layout_rooms, old_standard_altar, elyvilon_altar_3, uniq_natasha

Skill      XL: |  1  2  3  4 |
---------------+-------------+-----
Axes           | 3 4 |  4.6
Fighting       | 4 |  4.6
Shields        | 4 |  4.5
Armour         | 4 |  4.5

Action                   |  1- 3 |  4- 6 || total
-------------------------+-------+-------++-------
Melee: War axe           |   119 |    65 ||   184
       Headbutt          |     9 |     7 ||    16
  Use: Potion            |       |     1 ||     1
  Eat: Chunk             |     1 |     2 ||     3
Armor: Scale mail        |     8 |       ||     8
       Chain mail        |    61 |    38 ||    99
Dodge: Dodged            |    30 |    11 ||    41
Block: Shield            |    48 |    26 ||    74
